[Event "Titled Tuesday Blitz May 23 Early 2023"]
[White "Kramnik, Vladimir"]
[Black "Bortnyk, Olexandr"]
[WhiteFideId "4101588"]
[BlackFideId "14120828"]
[WhiteElo "2703"]
[BlackElo "2734"]
[Result "0-1"]
[Round "10"]
[TimeControl "180+2"]
[Date "2023.05.23"]
[WhiteClock "0:00:00"]
[BlackClock "0:00:10"]

1. e4 Nf6 2. e5 Nd5 3. d4 d6 4. Nf3 dxe5 5. Nxe5 c6 6. Be2 Bf5 7. O-O Nd7 8. Nf3 e6 9. c4 N5f6 10. Nc3 Bd6 11. Nh4 Bg6 12. g3 O-O 13. Be3 e5 14. d5 Qc7 15. a3 a5 16. Rc1 Rfd8 17. Nxg6 hxg6 18. Bf3 Bc5 19. Qe2 Bd4 20. b4 axb4 21. axb4 Ra3 22. dxc6 bxc6 23. Bd2 Rb3 24. Qd1 Ra3 25. Qc2 Nb6 26. Be2 Qd7 27. Rfd1 Qh3 28. Be1 Rda8 29. Bf3 Nxc4 30. Bg2 Qe6 31. Nb1 Nb2 32. Rxd4 exd4 33. Nxa3 Na4 34. Qxc6 Qxc6 35. Bxc6 Ra7 36. b5 Nb6 37. Nc4 Nbd5 38. Bxd5 Nxd5 39. Rb1 Rc7 40. b6 Rb7 41. Kf1 d3 42. Rb3 f5 43. Rxd3 Nxb6 44. Rb3 Rc7 45. Nxb6 Rb7 46. Rb2 Kh7 47. Kg2 Rc7 48. Bd2 Re7 49. Be3 Re5 50. Nc4 Re4 51. Nd2 Re6 52. Nf3 Re8 53. Ng5+ Kg8 54. Rb7 Rd8 55. Bc5 Rc8 56. Bd4 f4 57. Ne6 f3+ 58. Kxf3 Kh7 0-1


[Site "https://www.chess.com"]

[Event "Titled Tuesday Blitz May 23 Early 2023"]
[White "Babazada, Khazar"]
[Black "Svane, Frederik"]
[WhiteFideId "13413554"]
[BlackFideId "12923044"]
[WhiteElo "2351"]
[BlackElo "2502"]
[Result "1-0"]
[Round "10"]
[TimeControl "180+2"]
[Date "2023.05.23"]
[WhiteClock "0:00:33"]
[BlackClock "0:00:03"]

1. e4 e6 2. d4 d5 3. Nc3 Nf6 4. e5 Nfd7 5. Nce2 c5 6. c3 Nc6 7. Nf3 a5 8. h4 a4 9. a3 Qa5 10. Bd2 Qb6 11. Rb1 Be7 12. Be3 Qa5 13. Bd2 Qb6 14. g3 O-O 15. Bg2 f6 16. exf6 Nxf6 17. O-O Bd7 18. Be3 Rae8 19. Nf4 Bd6 20. Qd3 cxd4 21. cxd4 Na5 22. Rfe1 Bb5 23. Qd1 Nc4 24. Bc1 Ne4 25. Ng5 Nxg5 26. hxg5 Bd7 27. b3 Nxa3 28. Bxa3 Bxa3 29. bxa4 Qa6 30. Bf1 Qa8 31. Qh5 Re7 32. g6 h6 33. Bb5 Bxb5 34. Rxb5 Bd6 35. Nxe6 Qe8 36. Qxd5 Kh8 37. Rxb7 Rxb7 38. Qxb7 Rf6 39. Qxg7# 1-0


[Site "https://www.chess.com"]

[Event "Titled Tuesday Blitz May 23 Early 2023"]
[White "Sarana, Alexey"]
[Black "Matlakov, Maxim"]
[WhiteFideId "24133795"]
[BlackFideId "4168003"]
[WhiteElo "2714"]
[BlackElo "2666"]
[Result "0-1"]
[Round "10"]
[TimeControl "180+2"]
[Date "2023.05.23"]
[WhiteClock "0:00:00"]
[BlackClock "0:00:11"]

1. d4 Nf6 2. c4 e6 3. Nc3 d5 4. cxd5 exd5 5. Bg5 c6 6. e3 h6 7. Bh4 Be7 8. Bd3 O-O 9. h3 Re8 10. Bg3 Bd6 11. Bxd6 Qxd6 12. Qc2 Be6 13. Nf3 Nbd7 14. O-O Rac8 15. Rad1 a6 16. a3 Qe7 17. b4 Red8 18. Na4 Ne8 19. Nc5 Nd6 20. Ne5 Nf6 21. f3 Ra8 22. Qc3 Nb5 23. Bxb5 axb5 24. Ncd3 Ne8 25. Nf4 Nd6 26. Rfe1 Bf5 27. Ra1 Re8 28. Qb3 f6 29. Ned3 Qf7 30. Nf2 Nc4 31. e4 dxe4 32. fxe4 Bh7 33. Qg3 Kh8 34. d5 cxd5 35. exd5 Rxe1+ 36. Rxe1 Rxa3 37. Qg4 Ra8 38. h4 Ne5 39. Qe2 Qd7 40. h5 Rc8 41. Qe3 Bf5 42. Rc1 Rc4 43. Ra1 Kh7 44. Qd2 Qd6 45. Ra7 Nf3+ 46. gxf3 Rxf4 47. Qe3 Rh4 48. f4 Rxf4 49. Rxb7 Rxb4 50. Qf3 Qe5 51. Kg2 Be4 52. Nxe4 Rxe4 53. d6 Re2+ 54. Kf1 Re3 55. Qf2 Qe4 56. d7 Qh1+ 57. Qg1 Rf3+ 58. Ke2 Qxg1 59. Kxf3 Qd1+ 60. Ke3 b4 61. Ke4 b3 62. Kf5 Qd5+ 63. Kf4 b2 64. Rb8 Qxd7 0-1


[Site "https://www.chess.com"]

[Event "Titled Tuesday Blitz May 23 Early 2023"]
[White "Pranav Anand"]
[Black "Svane, Rasmus"]
[WhiteFideId "46626786"]
[BlackFideId "4657101"]
[WhiteElo "2389"]
[BlackElo "2601"]
[Result "1-0"]
[Round "10"]
[TimeControl "180+2"]
[Date "2023.05.23"]
[WhiteClock "0:00:20"]
[BlackClock "0:00:00"]

1. d4 Nf6 2. c4 e6 3. Nc3 Bb4 4. e3 O-O 5. Bd3 d5 6. cxd5 exd5 7. a3 Bd6 8. Qc2 c6 9. Nge2 Re8 10. Bd2 Nbd7 11. f3 c5 12. O-O-O c4 13. Bf5 Nf8 14. g4 Bxf5 15. Qxf5 g6 16. Qc2 Bc7 17. g5 Nh5 18. e4 dxe4 19. fxe4 Ne6 20. Nd5 Bb6 21. Nxb6 axb6 22. d5 Nc5 23. Nc3 b5 24. Nxb5 Rxe4 25. Kb1 Re2 26. Qxc4 Qe7 27. Rhe1 Re4 28. d6 Qe5 29. Bc3 Qf5 30. Rxe4 Nxe4 31. Ka1 Nf4 32. d7 Rd8 33. Qc8 Qxg5 34. Ba5 Rxc8 35. dxc8=Q+ Kg7 36. Bc3+ Kh6 37. Nd6 Nxd6 38. Rxd6 Ne6 39. Qxb7 Qg1+ 40. Ka2 Qxh2 41. Bd2+ Kg7 42. Rxe6 Qxd2 43. Re7 Qf4 44. Qe4 1-0


[Site "https://www.chess.com"]

[Event "Titled Tuesday Blitz May 23 Early 2023"]
[White "Zakhartsov, Vladimir"]
[Black "Hayrapetyan, Hovik"]
[WhiteFideId "4145097"]
[BlackFideId "13302639"]
[WhiteElo "2495"]
[BlackElo "2348"]
[Result "0-1"]
[Round "10"]
[TimeControl "180+2"]
[Date "2023.05.23"]
[WhiteClock "0:00:03"]
[BlackClock "0:00:11"]

1. e4 c5 2. Nf3 d6 3. g3 Nc6 4. Bg2 g6 5. O-O Bg7 6. c3 Nf6 7. Qe2 e5 8. h3 O-O 9. Rd1 Re8 10. d3 h6 11. a3 d5 12. Nbd2 Be6 13. b4 Qc7 14. Bb2 b6 15. Nf1 Rad8 16. N3d2 d4 17. bxc5 bxc5 18. cxd4 Nxd4 19. Bxd4 cxd4 20. Rdc1 Qd7 21. Kh2 Rc8 22. Qd1 Rc3 23. Nb1 Bb3 24. Qd2 Rcc8 25. Rxc8 Rxc8 26. Qb2 Bc2 27. Nbd2 Bxd3 28. Rc1 Rxc1 29. Qxc1 Bf8 30. Nf3 Qd6 31. N1d2 Nxe4 32. Ne1 Nxf2 33. Kg1 e4 34. Kxf2 e3+ 35. Kg1 exd2 36. Qxd2 Bf5 37. g4 Be6 38. a4 Qb4 39. Qxb4 Bxb4 40. Nd3 Bd2 41. Nc5 Be3+ 42. Kh2 Bc4 43. Be4 a5 44. Kg3 Kg7 45. Kf3 Bd2 46. Bc2 Bb4 47. Nd3 Bd5+ 48. Kf4 Bd6+ 49. Ne5 f6 0-1


[Site "https://www.chess.com"]

[Event "Titled Tuesday Blitz May 23 Early 2023"]
[White "Sattarov, Bobir"]
[Black "Fridman, Daniel"]
[WhiteFideId "14203081"]
[BlackFideId "11600454"]
[WhiteElo "2351"]
[BlackElo "2525"]
[Result "0-1"]
[Round "10"]
[TimeControl "180+2"]
[Date "2023.05.23"]
[WhiteClock "0:00:01"]
[BlackClock "0:00:03"]

1. e4 c6 2. c4 d5 3. exd5 cxd5 4. cxd5 Nf6 5. Qa4+ Nbd7 6. Nc3 g6 7. Bc4 Bg7 8. d3 a6 9. Nf3 O-O 10. Qa3 Qc7 11. O-O Nb6 12. Qb3 Bg4 13. Ne5 Nxc4 14. Nxc4 Bf5 15. Nb6 Rad8 16. h3 Bxd3 17. Re1 Bf5 18. Bg5 h6 19. Bh4 Rfe8 20. Bg3 Qc5 21. Rac1 e5 22. Rxe5 Rxe5 23. Bxe5 Ne4 24. Bxg7 Qxf2+ 25. Kh1 Bxh3 26. Rg1 Ng3+ 27. Kh2 Nf1+ 28. Kh1 Qg3 29. Be5 Qxe5 30. Rxf1 Qg3 31. Qc2 Bf5 32. Qf2 Qg5 33. Nc4 Re8 34. Nd6 Re5 35. Nxf5 Rxf5 36. Qe1 Re5 37. Qd1 Qh4+ 38. Kg1 Rh5 39. Qf3 Qh2+ 40. Kf2 Rf5 41. Ne4 Qe5 42. Ng3 Rxf3+ 43. gxf3 Qxd5 44. Re1 Qd4+ 45. Kf1 Qxb2 46. Re2 Qa1+ 47. Kf2 Qd4+ 48. Kg2 b5 49. Ne4 b4 50. Rd2 Qa1 51. Kf2 Kg7 52. Rd7 Qxa2+ 53. Kg3 Qe6 54. Ra7 b3 55. Rb7 b2 56. Kf2 Qa2 0-1


[Site "https://www.chess.com"]

[Event "Titled Tuesday Blitz May 23 Early 2023"]
[White "Drygalov, Andrey"]
[Black "Averjanov, Alexey"]
[WhiteFideId "24171735"]
[BlackFideId "14109867"]
[WhiteElo "2466"]
[BlackElo "2792"]
[Result "1-0"]
[Round "10"]
[TimeControl "180+2"]
[Date "2023.05.23"]
[WhiteClock "0:01:07"]
[BlackClock "0:00:03"]

1. e4 c6 2. Nf3 d5 3. d3 Qc7 4. exd5 cxd5 5. c4 Nf6 6. Nc3 e6 7. a3 Be7 8. g3 a6 9. Bf4 Qd8 10. Bg2 O-O 11. O-O b6 12. cxd5 Nxd5 13. Nxd5 exd5 14. Ne5 Bb7 15. Rc1 f6 16. Ng4 Bd6 17. Bxd6 Qxd6 18. Ne3 Nd7 19. Nf5 Qe5 20. Qg4 g6 21. Nh6+ Kg7 22. Qxd7+ Kxh6 23. Qxb7 Qxb2 24. Rc7 Rh8 25. Qxd5 Rad8 26. Qf3 Qe5 27. Rc6 Kg7 28. Rxb6 Rd7 29. Rb7 Rd8 30. Qc6 Re7 31. Rxe7+ Qxe7 32. Qxa6 h5 33. h4 g5 34. hxg5 fxg5 35. Qc4 h4 36. Qe4 Qf6 37. Re1 Rd7 38. Qe5 hxg3 39. Qxf6+ Kxf6 40. fxg3 Rxd3 41. Rf1+ Kg7 42. Rf3 Rd1+ 43. Bf1 Ra1 44. Rd3 Kf6 45. Kf2 Ke5 46. Be2 Ra2 47. Rb3 Ra1 48. Ke3 Rg1 49. Rb5+ Kf6 50. Kf2 Ra1 51. Rb3 Ke5 52. Kf3 Kf6 53. Kg4 Ra2 54. Bc4 Rc2 55. Rf3+ Kg7 56. Bb3 Rc5 57. Rf5 Rc3 58. Rxg5+ Kh6 59. Rb5 Rc5 60. Rxc5 Kg7 1-0


[Site "https://www.chess.com"]

[Event "Titled Tuesday Blitz May 23 Early 2023"]
[White "Durarbayli, Vasif"]
[Black "Fernandez Guillen, Ernesto J."]
[WhiteFideId "13402935"]
[BlackFideId "3512428"]
[WhiteElo "2551"]
[BlackElo "2429"]
[Result "1-0"]
[Round "10"]
[TimeControl "180+2"]
[Date "2023.05.23"]
[WhiteClock "0:00:02"]
[BlackClock "0:00:00"]

1. e4 e5 2. Nc3 Nc6 3. f4 exf4 4. d4 g5 5. h4 Bg7 6. d5 Ne5 7. hxg5 Qxg5 8. Nge2 Ng6 9. Qd3 Be5 10. Bd2 d6 11. Nb5 Qe7 12. Qc4 Kf8 13. Qxc7 Nf6 14. Qc4 Bg4 15. Nbc3 Rc8 16. Qb4 a5 17. Qxa5 Bxc3 18. Bxc3 Nxe4 19. Bxh8 Ng3 20. O-O-O Nxh1 21. Bc3 Bxe2 22. Bxe2 Qxe2 23. Rxh1 Qxg2 24. Rd1 f3 25. Qb4 Qg3 26. Kb1 f2 27. Rf1 Re8 28. a4 h5 29. Ka2 h4 30. Bd4 Re2 31. Qc4 h3 32. Qxe2 1-0


[Site "https://www.chess.com"]

[Event "Titled Tuesday Blitz May 23 Early 2023"]
[White "Sychev, Klementy"]
[Black "Papasimakopoulos, Alexandros"]
[WhiteFideId "4114060"]
[BlackFideId "4244125"]
[WhiteElo "2583"]
[BlackElo "2359"]
[Result "1-0"]
[Round "10"]
[TimeControl "180+2"]
[Date "2023.05.23"]
[WhiteClock "0:00:08"]
[BlackClock "0:00:02"]

1. e4 e6 2. d4 d5 3. e5 Bd7 4. Nf3 a6 5. Bd3 Bb5 6. Bxb5+ axb5 7. O-O c5 8. dxc5 Bxc5 9. Qd3 Qb6 10. Nc3 b4 11. Nb5 Ra5 12. Nbd4 Ra8 13. Be3 Ne7 14. c3 Nbc6 15. cxb4 Qxb4 16. a3 Qb6 17. Rac1 Bxd4 18. Nxd4 Qa6 19. Qxa6 Rxa6 20. Nb5 O-O 21. f4 Rb8 22. Bc5 Ra5 23. Nd6 g6 24. g4 b6 25. Be3 Ra4 26. Kh1 h6 27. h3 d4 28. Bd2 d3 29. f5 exf5 30. gxf5 Nxe5 31. fxg6 N7xg6 32. Nf5 h5 33. Rc7 Rf8 34. Bb4 Rxb4 35. axb4 Rd8 36. Nh6+ Kh8 37. Rfxf7 Nxf7 38. Nxf7+ Kg8 39. Nxd8 Ne5 40. Rc1 d2 41. Rd1 Nd3 42. Rxd2 Nxb4 43. Ne6 Kf7 44. Nf4 h4 45. Kg2 Nc6 46. Kf3 Ne5+ 47. Ke4 Nc4 48. Rc2 Nd6+ 49. Kf3 Nf5 50. Rd2 Kf6 51. Rd5 b5 52. Rxf5+ Kxf5 53. Ng2 Kg5 54. Ke4 b4 55. b3 1-0


[Site "https://www.chess.com"]

[Event "Titled Tuesday Blitz May 23 Early 2023"]
[White "Matinian, Nikita"]
[Black "Karthik Venkataraman"]
[WhiteFideId "24129100"]
[BlackFideId "25006479"]
[WhiteElo "2422"]
[BlackElo "2419"]
[Result "0-1"]
[Round "10"]
[TimeControl "180+2"]
[Date "2023.05.23"]
[WhiteClock "0:00:00"]
[BlackClock "0:00:28"]

1. e4 c5 2. Nf3 d6 3. Bb5+ Nd7 4. d4 cxd4 5. Nxd4 Nf6 6. O-O a6 7. Bd3 Nc5 8. Re1 e5 9. Nb3 Nxd3 10. Qxd3 Be7 11. c4 O-O 12. Nc3 Be6 13. Bg5 Nh5 14. Be3 Bg5 15. Rad1 Bxe3 16. fxe3 Qg5 17. Nd2 Rad8 18. Nf3 Qe7 19. Rd2 Nf6 20. Red1 h6 21. b3 Kh8 22. Qc2 Qc7 23. Qb2 Qc5 24. Re1 b5 25. cxb5 axb5 26. b4 Qc6 27. Qc2 Rc8 28. Rc1 Qb6 29. Qd3 Bc4 30. Qxd6 Qxe3+ 31. Kh1 Rfd8 32. Qxd8+ Rxd8 33. Rxd8+ Kh7 34. Rd2 g5 35. h3 h5 36. Nd1 Qf4 37. Nf2 g4 38. hxg4 hxg4 39. Nh4 Qxd2 0-1


[Site "https://www.chess.com"]

[Event "Titled Tuesday Blitz May 23 Early 2023"]
[White "Dubov, Daniil"]
[Black "Zhu, Jiner"]
[WhiteFideId "24126055"]
[BlackFideId "8608059"]
[WhiteElo "2793"]
[BlackElo "2384"]
[Result "1-0"]
[Round "10"]
[TimeControl "180+2"]
[Date "2023.05.23"]
[WhiteClock "0:00:24"]
[BlackClock "0:00:00"]

1. d4 Nf6 2. Nf3 g6 3. Bg5 Bg7 4. Nbd2 d5 5. e3 O-O 6. Be2 c5 7. O-O b6 8. c3 Bb7 9. Ne5 Nbd7 10. Bf4 Rc8 11. a4 a5 12. Bb5 Nxe5 13. Bxe5 e6 14. h3 Bc6 15. Ba6 Ra8 16. Bd3 Nd7 17. Bxg7 Kxg7 18. f4 Bb7 19. Qe2 Qc8 20. Nf3 Ba6 21. Ne5 Bxd3 22. Qxd3 Nf6 23. g4 Ne4 24. g5 f6 25. gxf6+ Rxf6 26. Rf3 Qc7 27. Raf1 cxd4 28. Qxd4 Qc5 29. Qd3 Rf5 30. Nd7 Qc6 31. Qd4+ Kg8 32. Ne5 Qc5 33. Ng4 Qxd4 34. exd4 Kg7 35. Ne3 Rf7 36. Re1 Raf8 37. Ng2 Kf6 38. Rfe3 Ke7 39. R1e2 Kd6 40. Kh2 Rf6 41. c4 Rc8 42. b3 Kd7 43. Rf3 Nd6 44. Ne3 dxc4 45. Ng4 Rf5 46. Ne5+ Ke7 47. bxc4 Nxc4 48. Rc3 Nd6 49. Rxc8 Nxc8 50. Rc2 Kd8 51. Kg3 Ne7 52. h4 Nd5 53. Rc6 Ke7 54. Rc8 Rxf4 55. Rh8 Kd6 56. Rd8+ Ke7 57. Rd7+ Ke8 58. Rxh7 Rxd4 59. Rh8+ Ke7 60. Nc6+ Kf6 61. Nxd4 1-0


[Site "https://www.chess.com"]

[Event "Titled Tuesday Blitz May 23 Early 2023"]
[White "Molina, Roberto Junio Brito"]
[Black "Martinez Alcantara, Jose Eduardo"]
[WhiteFideId "2109450"]
[BlackFideId "3805662"]
[WhiteElo "2376"]
[BlackElo "2711"]
[Result "1-0"]
[Round "10"]
[TimeControl "180+2"]
[Date "2023.05.23"]
[WhiteClock "0:00:13"]
[BlackClock "0:00:09"]

1. d4 Nf6 2. Nf3 e6 3. e3 b6 4. Bd3 Bb7 5. O-O g6 6. Qe2 d5 7. Nbd2 Bg7 8. e4 O-O 9. e5 Nfd7 10. c3 c5 11. a3 Nc6 12. b4 Qc7 13. Re1 Rae8 14. Nf1 cxd4 15. cxd4 f6 16. Bb2 fxe5 17. Nxe5 Ndxe5 18. dxe5 Qf7 19. b5 Na5 20. Ne3 Nb3 21. Rad1 Nc5 22. Bb1 Qf4 23. g3 Qf7 24. f4 Rc8 25. Ng4 Nd7 26. Bd4 Qe7 27. Qb2 Kh8 28. h4 Rc4 29. Ba2 Nc5 30. Bxc4 dxc4 31. Qb4 Rxf4 32. Nf6 Rf3 33. Kh2 Bd5 34. Rf1 Rb3 35. Qe1 Nd3 36. Qe2 Bb7 37. h5 g5 38. h6 Bf8 39. Qh5 Rxa3 40. Qxg5 Ra2+ 41. Rf2 Rxf2+ 42. Bxf2 Qf7 43. Be3 Bf3 44. Rf1 Be2 45. Ra1 c3 46. Rxa7 Qg6 47. Qxg6 hxg6 48. Rh7# 1-0


[Site "https://www.chess.com"]

[Event "Titled Tuesday Blitz May 23 Early 2023"]
[White "Gharibyan, Mamikon"]
[Black "Cordova, Emilio"]
[WhiteFideId "13308300"]
[BlackFideId "3801497"]
[WhiteElo "2445"]
[BlackElo "2607"]
[Result "1-0"]
[Round "10"]
[TimeControl "180+2"]
[Date "2023.05.23"]
[WhiteClock "0:00:06"]
[BlackClock "0:00:10"]

1. b3 b6 2. Bb2 Bb7 3. c4 Nf6 4. Nf3 e6 5. g3 c5 6. Bg2 Be7 7. O-O O-O 8. Nc3 d6 9. a3 Re8 10. b4 Bf8 11. Rb1 Nbd7 12. bxc5 dxc5 13. d3 a6 14. a4 a5 15. Bc1 Nb8 16. Qb3 Ra6 17. Nb5 Nfd7 18. Rd1 Qc8 19. Bf4 e5 20. Bd2 Nc6 21. Bc3 Nd4 22. Qb2 Re6 23. Qd2 Rh6 24. h4 Ra8 25. Ba1 Rf6 26. Ng5 Bxg2 27. Kxg2 Qc6+ 28. Kg1 h6 29. Ne4 Rg6 30. h5 Re6 31. Qe1 f5 32. Nec3 Nf6 33. Nd5 Rd8 34. Nbc3 Nc2 35. Qf1 Nb4 36. e4 Nxh5 37. exf5 Red6 38. Ne4 Rxd5 39. cxd5 Rxd5 40. Re1 Qd7 41. Nc3 Rxd3 42. Rxe5 Bd6 43. Re6 Qf7 44. Ne4 Bxg3 45. fxg3 Nxg3 46. Qg2 Nxf5 47. Nf6+ Qxf6 48. Rxf6 Rg3 49. Rxf5 Rxg2+ 50. Kxg2 1-0


[Site "https://www.chess.com"]

[Event "Titled Tuesday Blitz May 23 Early 2023"]
[White "Galchenko, Matvey"]
[Black "Bryakin, Mikhail"]
[WhiteFideId "24175480"]
[BlackFideId "4165314"]
[WhiteElo "2423"]
[BlackElo "2467"]
[Result "1/2-1/2"]
[Round "10"]
[TimeControl "180+2"]
[Date "2023.05.23"]
[WhiteClock "0:00:02"]
[BlackClock "0:00:15"]

1. e4 Nf6 2. e5 Nd5 3. d4 d6 4. Nf3 Bg4 5. Be2 e6 6. c4 Nb6 7. O-O dxe5 8. Nxe5 Bxe2 9. Qxe2 N8d7 10. Nf3 Be7 11. Nc3 O-O 12. Bf4 Bd6 13. Bg5 Be7 14. Bxe7 Qxe7 15. c5 Nc8 16. b4 Nf6 17. Rfe1 Qd8 18. Qb5 Rb8 19. Rad1 Ne7 20. Ne5 Ned5 21. Qc4 Nxc3 22. Qxc3 Qd5 23. a4 a6 24. h3 Rfd8 25. Qg3 b5 26. axb5 Rxb5 27. Qa3 Ra8 28. Qa4 c6 29. Qa3 a5 30. bxa5 Raxa5 31. Qg3 h6 32. Nf3 Rb2 33. Rb1 Raa2 34. Rxb2 Rxb2 35. Qf4 Qd7 36. Ra1 Qb7 37. Ne5 Rb1+ 38. Rxb1 Qxb1+ 39. Kh2 Qb7 40. Qf3 Nd5 41. Qg3 Qc7 42. Nc4 Qxg3+ 43. Kxg3 f6 44. Na5 Ne7 45. Kf4 g5+ 46. Ke4 Kf7 47. f4 Ke8 48. fxg5 hxg5 49. Nc4 Kd7 50. Ne3 Ng6 51. g3 f5+ 52. Kf3 Ke7 53. Nc4 Kf6 54. Na5 Ne7 55. h4 Kg6 56. hxg5 Kxg5 57. Nc4 Ng6 58. Na5 Ne7 59. Nc4 Ng6 60. Na5 Ne7 1/2-1/2


[Site "https://www.chess.com"]

[Event "Titled Tuesday Blitz May 23 Early 2023"]
[White "Bacrot, Etienne"]
[Black "Vakhlamov, Igor L."]
[WhiteFideId "605506"]
[BlackFideId "24126748"]
[WhiteElo "2672"]
[BlackElo "2407"]
[Result "1-0"]
[Round "10"]
[TimeControl "180+2"]
[Date "2023.05.23"]
[WhiteClock "0:00:08"]
[BlackClock "0:00:05"]

1. e4 c5 2. Nf3 e6 3. d4 cxd4 4. Nxd4 Nf6 5. Nc3 Nc6 6. Nxc6 bxc6 7. e5 Nd5 8. Ne4 Qc7 9. f4 Rb8 10. a3 Qb6 11. Qd3 Be7 12. c4 f5 13. Nf2 Bc5 14. Nd1 Ba6 15. Qd2 Nc7 16. b4 Be7 17. Qf2 Qxf2+ 18. Nxf2 c5 19. b5 Bb7 20. Be3 Rc8 21. a4 O-O 22. O-O-O Rfd8 23. Rg1 d5 24. exd6 Rxd6 25. Nd3 Ne8 26. Be2 Rdd8 27. Bf3 Bxf3 28. gxf3 Nd6 29. Ne5 Kf8 30. Nc6 Rxc6 31. bxc6 Rc8 32. Bxc5 Rxc6 33. Bxd6 Bxd6 34. Kb2 Bxf4 35. Kb3 Rb6+ 36. Kc2 Rc6 37. Kb3 Rb6+ 38. Kc3 Be5+ 39. Kd3 Bxh2 40. Rh1 Bf4 41. Rxh7 Rd6+ 42. Ke2 Rc6 43. Rh8+ Kf7 44. Kd3 Rd6+ 45. Kc2 Rc6 46. Kb3 Rb6+ 47. Ka2 Rc6 48. Rd7+ Kf6 49. Kb3 Rb6+ 50. Kc2 Rb4 51. Kc3 Rxa4 52. Rf8+ Kg5 53. Kb3 Ra1 54. Rxg7+ Kh6 55. Rg2 Kh7 56. Rf7+ Kh8 57. Re7 Rb1+ 58. Ka2 Rf1 59. c5 Rxf3 60. Rc2 Bg5 61. Rd7 Bf4 62. c6 Rg3 63. c7 Bxc7 64. Rcxc7 f4 65. Rd8+ Rg8 66. Rd3 e5 67. Rh3# 1-0


[Site "https://www.chess.com"]

[Event "Titled Tuesday Blitz May 23 Early 2023"]
[White "Alex_Sahakyan2006"]
[Black "Salinas Herrera, Pablo"]
[BlackFideId "3407128"]
[WhiteElo "2688"]
[BlackElo "2546"]
[Result "1-0"]
[Round "10"]
[TimeControl "180+2"]
[Date "2023.05.23"]
[WhiteClock "0:00:27"]
[BlackClock "0:00:00"]

1. d4 d5 2. Nf3 Nf6 3. Bf4 e6 4. e3 Bd6 5. Bg3 O-O 6. Nbd2 c5 7. c3 Qc7 8. Bd3 Nbd7 9. O-O Bxg3 10. hxg3 e5 11. dxe5 Nxe5 12. Nxe5 Qxe5 13. Nf3 Qe7 14. Qa4 h6 15. Qf4 Re8 16. Rad1 Bd7 17. Rd2 Bc6 18. Rfd1 Rad8 19. Bb1 Rd6 20. e4 g5 21. Nxg5 hxg5 22. Qxg5+ Kh8 23. exd5 Qe5 24. Qh6+ Kg8 25. dxc6 Rxd2 26. Qxd2 bxc6 27. f3 Re7 28. Qf2 Kg7 29. g4 Qf4 30. g3 Qc7 31. g5 Nd5 32. Qh2 Re6 33. Bf5 1-0


[Site "https://www.chess.com"]

[Event "Titled Tuesday Blitz May 23 Early 2023"]
[White "Suyarov, Mukhammadzokhid"]
[Black "djokovic74"]
[WhiteFideId "14210495"]
[WhiteElo "2361"]
[BlackElo "2621"]
[Result "1/2-1/2"]
[Round "10"]
[TimeControl "180+2"]
[Date "2023.05.23"]
[WhiteClock "0:01:05"]
[BlackClock "0:00:06"]

1. d4 e6 2. e4 d5 3. Nc3 Nf6 4. e5 Nfd7 5. f4 c5 6. Nf3 Nc6 7. Be3 Rb8 8. Be2 a6 9. O-O cxd4 10. Nxd4 Bc5 11. Kh1 Nxd4 12. Bxd4 Bxd4 13. Qxd4 Qb6 14. Qxb6 Nxb6 15. Bd3 Ke7 16. a4 Nd7 17. Ne2 Nc5 18. Nd4 Bd7 19. a5 Rbc8 20. Rfc1 Rhd8 21. Kg1 h6 22. h4 Rc7 23. b4 Ne4 24. c4 Be8 25. c5 f6 26. Rf1 Bh5 27. Kh2 Rcc8 28. Kh3 Rf8 29. g4 Be8 30. f5 Bd7 31. exf6+ gxf6 32. fxe6 Bxe6 33. Rae1 Rg8 34. Nxe6 Kxe6 35. Bxe4 dxe4 36. Rxe4+ Kd5 37. Ref4 Rce8 38. Rd1+ Kc6 39. Rxf6+ Kb5 40. Rd3 Re4 41. Rg3 Kxb4 42. Rxh6 Kxa5 43. Rh7 Rb4 44. h5 b6 45. cxb6 Kxb6 46. Rf7 a5 47. h6 Rd8 48. h7 Rd1 49. g5 Rh1+ 50. Kg2 Rbb1 51. Rf6+ Kc7 52. Rh6 Rhg1+ 53. Kh3 Rh1+ 54. Kg4 Rb4+ 55. Kf5 Rb5+ 56. Kg6 Rb6+ 57. Kg7 Rd1 58. Rxb6 Rd7+ 59. Kg6 Kxb6 60. h8=Q Ra7 61. Qf6+ Kb5 62. Qe5+ Ka6 63. Qd6+ Kb5 64. Qd5+ Kb6 65. Rb3+ Kc7 66. Qc6+ Kxc6 67. Kf6 a4 68. Rb2 Kc5 69. g6 a3 70. Rb1 Kc4 71. g7 Rxg7 72. Kxg7 a2 73. Rh1 Kb3 74. Kf6 Kb2 75. Ke5 a1=Q 76. Rxa1 Kxa1 1/2-1/2


[Site "https://www.chess.com"]

[Event "Titled Tuesday Blitz May 23 Early 2023"]
[White "Stoleriu, George"]
[Black "Madaminov, Mukhiddin"]
[WhiteFideId "1227505"]
[BlackFideId "14210703"]
[WhiteElo "2308"]
[BlackElo "2511"]
[Result "1/2-1/2"]
[Round "10"]
[TimeControl "180+2"]
[Date "2023.05.23"]
[WhiteClock "0:00:15"]
[BlackClock "0:01:54"]

1. e4 c5 2. b3 Nf6 3. Nc3 Nc6 4. Bb2 e5 5. Bb5 a6 6. Bxc6 dxc6 7. Nge2 Bd6 8. O-O O-O 9. d3 Bg4 10. Qd2 Re8 11. Nd1 Bc7 12. Ne3 Nxe4 13. Qe1 Bxe2 14. Qxe2 Nf6 15. Nf5 Qd7 16. Qf3 Rad8 17. Rae1 Nd5 18. Re4 Nf4 19. Nxg7 Kxg7 20. Rxf4 Re6 21. Re1 f6 22. Rg4+ Kh8 23. Qf5 Rd6 24. Rxe5 Qxf5 25. Rxf5 Rf8 26. h4 b6 27. g3 Rd5 28. Rf3 Be5 29. c4 Bxb2 30. cxd5 cxd5 31. Rf5 Be5 32. Kg2 h6 33. Rg6 Kh7 34. h5 Rd8 35. g4 b5 36. f4 Bb2 37. g5 hxg5 38. fxg5 fxg5 39. Rf7+ Kh8 40. Rxg5 c4 41. dxc4 dxc4 42. bxc4 bxc4 43. Rc5 c3 44. h6 Kg8 45. Rg7+ Kh8 46. Rcc7 c2 47. Rxc2 Bxg7 48. hxg7+ Kxg7 49. Kf3 Rd6 50. Ke4 Kf6 51. Rh2 Rd1 52. Rh6+ Ke7 53. Rxa6 Kd7 54. Ra4 Kc6 55. Rd4 Re1+ 56. Kd3 Ra1 57. Ra4 Kc5 58. Kc2 Kb5 59. Ra3 Rh1 60. Rb3+ Kc4 61. Rc3+ Kd4 62. Kb2 Rh2+ 63. Kb3 Rh8 64. Rc4+ Kd3 65. Rc3+ Kd2 66. Rc4 Kd3 67. Rb4 Rh1 68. a4 Rb1+ 69. Ka3 Rh1 70. Kb2 Rh5 71. Rb5 Rh4 72. Kb3 Rh1 73. Rd5+ Ke4 74. Rd7 Rb1+ 75. Kc4 Ke5 76. a5 Ke6 77. Rd2 Ra1 78. Kb5 Rb1+ 79. Kc6 Rc1+ 80. Kb6 Rb1+ 81. Ka7 Ke7 82. a6 Rb3 83. Ka8 Rb1 84. Rd3 Rb4 85. Rd5 Rb1 86. Rd2 Rb5 87. Rd1 Rb4 88. Rd3 Rb6 89. Rd5 Rxa6+ 90. Kb7 Ra1 91. Rc5 Ke6 92. Rb5 Kd6 93. Rb6+ Kc5 94. Rc6+ Kd5 95. Rb6 Rg1 96. Rb5+ Kc4 97. Rb6 Rg7+ 98. Kc6 Rg8 99. Kc7 Kc5 100. Rc6+ Kd5 101. Rd6+ Ke5 102. Rc6 Rg7+ 103. Kb6 Kd5 104. Rc5+ 1/2-1/2


[Site "https://www.chess.com"]

[Event "Titled Tuesday Blitz May 23 Early 2023"]
[White "Volkov, Maksim"]
[Black "Zhigalko, Sergei"]
[WhiteFideId "54123070"]
[BlackFideId "13502956"]
[WhiteElo "2297"]
[BlackElo "2626"]
[Result "1-0"]
[Round "10"]
[TimeControl "180+2"]
[Date "2023.05.23"]
[WhiteClock "0:00:04"]
[BlackClock "0:00:00"]

1. d4 Nf6 2. c4 e6 3. g3 c5 4. d5 exd5 5. cxd5 d6 6. Nc3 g6 7. Bg2 Bg7 8. Nf3 O-O 9. O-O Re8 10. Bf4 a6 11. a4 Nh5 12. Bg5 Qc7 13. Qd2 Nd7 14. Rfe1 Rb8 15. e4 b5 16. axb5 axb5 17. Bf1 c4 18. Nd4 b4 19. Ncb5 Qc5 20. Rec1 Ne5 21. Ra5 Bd7 22. Be3 Bxb5 23. Kh1 Ng4 24. Rxb5 Rxb5 25. Rxc4 Nxe3 26. fxe3 Nf6 27. Rxc5 Rxc5 28. Qxb4 Nxe4 29. Kg2 h5 30. Bd3 Nf6 31. e4 Nxe4 32. Nb3 Rxd5 33. Bxe4 Rde5 34. Bf3 d5 35. Qd2 Kh7 36. Nd4 R5e7 37. b4 Rc7 38. Nb5 Rb8 39. Nxc7 Rb7 40. Nxd5 Bh6 41. Nf6+ 1-0


[Site "https://www.chess.com"]